 Dungeon Crawl Stone Soup version 0.18.1-1-g2f07953 (webtiles) character file.

2106 Aleksandr27reg the Covert (level 9, -6/51 HPs)
             Began as a Spriggan Assassin on Sept 2, 2016.
             Splashed by a kobold's acid (12 damage)
             ... on level 6 of the Dungeon.
             The game lasted 00:47:40 (8303 turns).

Aleksandr27reg the Covert (Spriggan Assassin)       Turns: 8303, Time: 00:47:41

Health: -6/51      AC: -1    Str:  5      XL:     9   Next: 7%
Magic:  10/10      EV: 24    Int: 10      God:
Gold:   255        SH:  9    Dex: 20 (21) Spells: 0 memorised, 8 levels left

rFire  . . .     SeeInvis +     a - +3 dagger (venom)
rCold  . . .     Gourm    .     c - +0 robe
rNeg   . . .     Faith    .     p - +2 buckler
rPois  .         Spirit   .     (helmet restricted)
rElec  .         Dismiss  +     d - +0 cloak
rCorr  .         Reflect  .     (gloves unavailable)
SustAt .         Harm     .     (boots unavailable)
MR     +....                    o - amulet of dismissal
Stlth  ++++++....               (no ring)
                                (no ring)

@: corroded, very quick, somewhat resistant to hostile enchantments, very
stealthy
A: unfitting armour, talons 1, see invisible, dopey 1, herbivore 3, speed 3,
robust 2, slow metabolism 2, weak 1, MP-powered wands
a: no special abilities


You were on level 6 of the Dungeon.
You were not hungry.

You visited 2 branches of the dungeon, and saw 7 of its levels.
You also visited: Ossuary.

You collected 255 gold pieces.

Inventory:

Hand Weapons
 a - a +3 dagger of venom (weapon)
 b - a +0 blowgun
Missiles
 e - 16 poisoned needles
 f - 2 curare-tipped needles
Armour
 c - a +0 robe (worn)
 d - a +0 cloak (worn)
 p - a +2 buckler (worn)
 r - a storm dragon hide
Rods
 s - a +1 lightning rod (11/11)
   (You found it on level 5 of the Dungeon)
Jewellery
 j - an uncursed ring of fire
 o - an amulet of dismissal (around neck)
Wands
 h - a wand of iceblast (9/15)
 k - a wand of iceblast (8/15)
 t - a wand of acid (5/15)
Scrolls
 l - a scroll of fog
 m - a scroll of fear
 n - a scroll of remove curse
 q - 7 scrolls of identify
 x - a scroll of teleportation
Potions
 i - a potion of curing
 u - a potion of lignification
Books
 v - a book of Changes

   Spells                             Type                      Level
   a - Beastly Appendage              Transmutation                1
   b - Sticks to Snakes               Transmutation                2
   c - Spider Form                    Transmutation/Poison         3
   d - Ice Form                       Ice/Transmutation            4
   e - Blade Hands                    Transmutation                5
 w - a book of Frost

   Spells                             Type                      Level
   a - Freeze                         Ice                          1
   b - Throw Frost                    Conjuration/Ice              2
   c - Ozocubu's Armour               Charms/Ice                   3
   d - Throw Icicle                   Conjuration/Ice              4
   e - Summon Ice Beast               Ice/Summoning                4
Comestibles
 g - 3 bread rations


   Skills:
 + Level 2.3 Fighting
 + Level 3.7 Short Blades
 + Level 5.4 Throwing
 + Level 8.0 Dodging
 * Level 13.1 Stealth
 + Level 2.0 Shields


You had 8 spell levels left.
You didn't know any spells.

Dungeon Overview and Level Annotations

Branches:
Dungeon (6/15)             Temple (1/1) D:5

Altars:
Ashenzari
Elyvilon
Fedhas
Gozag
Nemelex Xobeh
Okawaru
Qazlal
Ru
Trog
Vehumet
Xom
Yredelemnul
Zin
The Shining One

Shops:
D:6 :

Annotations:
D:5 skewfiend's ghost, novice HOFi
D:6 Eustachio; Sigmund


Innate Abilities, Weirdness & Mutations

You are tiny and cannot use many weapons and most armour.
You have supernaturally acute eyesight.
You are a herbivore.
You cover ground extremely quickly.
You need consume almost no food.
You have sharp toenails.
You are dopey. (Int -2)
You are very robust (+20% HP).
You are weak. (Str -2)
You expend magic power (3 MP) to strengthen your wands.


Message History

The big kobold hits you but does no damage.
You hit the big kobold.
The big kobold is almost dead.
You kill the big kobold!
Your Dodging skill increases to level 8!
You hit the kobold.
The kobold is poisoned.
The kobold is severely wounded.
You kill the kobold!
You closely miss the kobold. You claw the kobold, but do no damage.
The kobold misses you.
You hit the kobold.
You kill the kobold!
The kobold throws a stone.
The stone closely misses you.
There is an open door here.
Items here: ))) †† a dagger x2; a short sword; a kobold corpse; a big kobold corpse The kobold zaps a wand.
The bolt of acid hits you!
* * * LOW HITPOINT WARNING * * *
The acid corrodes you!
The acid burns!
You die...

#.# #.## ##.###......# #.# #..##
#.# ##.###.# #.# ##.#.## #.# #.#
#.# #.# ##...#.## ##'## #.###..
#.# ##....##.# ##...###...... #.#
#.....#..# ##.....#####... #.###
#.##.#.#.# ##.......## #...
....###.###....###.........####..
................@).........'.....
..#.###.#......###.........####..
###[# #.#.##.#.# ##(......###....
....# #.#.####.# ##(....## #.##.
##### #.#.####.# ##K.)## #.##.
#........## ##'## #.###
###.###≈≈≈## ##(..### #.#
#.##≈≈≈≈≈###..(.♣P###.#
#.##≈≈∩≈≈##.#..P(.P.###


You could see a kobold.

Vanquished Creatures
  Menkaure (D:6)
  A water moccasin (D:6)
  An orc warrior (D:6)
  2 ice beasts (D:5)
  2 sky beasts
  2 centaurs
  A big kobold (D:6)
  2 giant frogs (D:6)
  2 scorpions (D:5)
  A crimson imp (D:6)
  2 quasits (D:6)
  4 orc wizards
  7 orc priests
  2 hounds
  A jelly (D:5)
  Ijyb (D:2)
  Terence (D:2)
  4 worker ants
  A big kobold zombie (Ossuary)
  A hound zombie (D:6)
  A worker ant zombie (D:5)
  Robin (D:3)
  9 adders
  A howler monkey skeleton (D:5)
  A river rat (D:4)
  A shadow imp (D:5)
  An ooze (D:1)
  3 adder skeletons
  2 worms
  2 dart slugs (D:1)
  9 giant geckos
  15 orcs
  A ball python (D:4)
  7 bats
  5 giant cockroaches
  11 goblins
  12 hobgoblins
  9 jackals
  4 quokkas
  7 giant newts
  2 goblin zombies
  2 hobgoblin zombies (Ossuary)
  16 kobolds
  7 rats
  A rat zombie (D:4)
169 creatures vanquished.

Notes
Turn   | Place    | Note
--------------------------------------------------------------
     0 | D:1      | Aleksandr27reg the Spriggan Assassin began the quest for the Orb.
     0 | D:1      | Reached XP level 1. HP: 10/10 MP: 2/2
    29 | D:1      | Found a shimmering altar of Xom.
    36 | D:1      | Reached skill level 6 in Stealth
    90 | D:1      | Reached XP level 2. HP: 13/14 MP: 3/3
   385 | D:1      | Reached skill level 7 in Stealth
   739 | D:2      | Reached XP level 3. HP: 18/18 MP: 4/4
   806 | D:2      | Found a white marble altar of Elyvilon.
   911 | D:2      | Noticed Ijyb
   913 | D:2      | Killed Ijyb
   913 | D:2      | Reached skill level 8 in Stealth
  1161 | D:2      | Reached XP level 4. HP: 15/22 MP: 5/5
  1316 | D:2      | Noticed Terence
  1323 | D:2      | Killed Terence
  1685 | D:3      | Noticed a sky beast
  1690 | D:3      | Killed a sky beast
  1690 | D:3      | Reached skill level 9 in Stealth
  1690 | D:3      | Reached XP level 5. HP: 25/25 MP: 6/6
  1859 | D:3      | Noticed Robin
  2522 | D:3      | Found a stormy altar of Qazlal.
  2729 | D:3      | Killed Robin
  3110 | D:4      | Noticed Eustachio
  3312 | D:4      | Reached XP level 6. HP: 30/30 MP: 7/7
  3566 | D:4      | Found a sand-covered staircase.
  3597 | Ossuary  | Entered an ossuary
  3758 | Ossuary  | HP: 1/30 [big kobold zombie (4)]
  4057 | D:4      | Reached skill level 10 in Stealth
  4061 | D:4      | Found a radiant altar of Vehumet.
  4147 | D:4      | Gained mutation: You have sharp toenails. [potion of mutation]
  4147 | D:4      | Gained mutation: You are dopey. (Int -2) [potion of mutation]
  4147 | D:4      | Gained mutation: You are weak. (Str -2) [potion of mutation]
  4190 | D:4      | Gained mutation: You are robust (+10% HP). [potion of mutation]
  4190 | D:4      | Gained mutation: You expend magic power (3 MP) to strengthen your wands. [potion of mutation]
  4190 | D:4      | Gained mutation: You are very robust (+20% HP). [potion of mutation]
  4726 | D:4      | Reached skill level 5 in Dodging
  4772 | D:4      | Found a bloodstained altar of Trog.
  5182 | D:5      | Entered Level 5 of the Dungeon
  5184 | D:5      | Reached XP level 7. HP: 40/40 MP: 8/8
  5272 | D:5      | Reached skill level 11 in Stealth
  5286 | D:5      | Noticed skewfiend's ghost (novice HOFi)
  5689 | D:5      | Found a glowing silver altar of Zin.
  5895 | D:5      | Reached skill level 12 in Stealth
  5895 | D:5      | Reached XP level 8. HP: 41/46 MP: 9/9
  6178 | D:5      | Found a staircase to the Ecumenical Temple.
  6284 | Temple   | Entered the Ecumenical Temple
  6656 | D:6      | Reached skill level 1 in Shields
  7724 | D:6      | Found a glowing golden altar of the Shining One.
  7759 | D:6      | Found Hionix's Book Shop.
  7850 | D:6      | Reached skill level 5 in Throwing
  7897 | D:6      | Reached skill level 13 in Stealth
  8041 | D:6      | Noticed Sigmund
  8130 | D:6      | Noticed Menkaure
  8134 | D:6      | Killed Menkaure
  8156 | D:6      | Reached XP level 9. HP: 51/51 MP: 10/10
  8303 | D:6      | Splashed by a kobold's acid

Skill      XL: |  1  2  3  4  5  6  7  8  9 |
---------------+----------------------------+-----
Stealth        | 6 7 8 9 10 12 13 | 13.1
Dodging        | 2 3 4 5 6 7 8 |  8.0
Throwing       | 3 5 |  5.4
Fighting       | 2 |  2.3
Short Blades   | 3 |  3.7
Shields        | 2 |  2.0

Action                   |  1- 3 |  4- 6 |  7- 9 || total
-------------------------+-------+-------+-------++-------
Melee: Dagger            |    98 |   349 |   194 ||   641
       Kick              |       |    23 |    54 ||    77
 Fire: Blowgun           |    13 |    22 |   102 ||   137
  Use: Scroll            |     1 |     8 |     2 ||    11
       Potion            |       |     7 |     3 ||    10
 Stab: Sleeping          |    15 |    26 |    10 ||    51
       Distracted        |       |       |     2 ||     2
  Eat: Bread ration      |       |     1 |       ||     1
       Royal jelly       |       |     1 |       ||     1
Armor: Robe              |    23 |    25 |    18 ||    66
       Storm dragon hide |       |       |     4 ||     4
Dodge: Dodged            |    86 |   177 |   136 ||   399
Block: Buckler           |       |   106 |    78 ||   184
